 Dungeon Crawl Stone Soup version 0.29.1-15-g9cfb28693d (webtiles) character file.

Game seed: 6818151823714234388

2459 LLlMATKO the Fighter (level 9, -9/120 (123) HPs)
             Began as a Minotaur Berserker on Apr 22, 2023.
             Was a Priest of Trog.
             Mangled by a gnoll
             ... wielding a +2 halberd of electrocution
              (18 damage)
             ... in a bailey.
             The game lasted 00:06:32 (8510 turns).

LLlMATKO the Fighter (Minotaur Berserker)           Turns: 8510, Time: 00:06:33

HP:   -9/120 (123)  AC: 11    Str: 27    XL:     9   Next: 26%
MP:   8/8           EV: 13    Int:  4    God:    Trog [***...]
Gold: 281           SH:  0    Dex: 15    Spells: 8/8 levels left

rFire   . . .      SeeInvis +   K - +0 battleaxe
rCold   . . .      Faith    .   (shield currently unavailable)
rNeg    . . .      Spirit   .   A - +1 scale mail "Guhuythru" {Str+3 Dex+3 SInv}
rPois   .          Reflect  .   (helmet restricted)
rElec   .          Harm     .   (no cloak)
rCorr   .          Rampage  .   D - +0 pair of gloves
Will    ++...                   z - +0 pair of boots
Stlth   ..........              (no amulet)
HPRegen 0.30/turn               H - ring of willpower
MPRegen 0.11/turn               y - ring of willpower

@: berserking, lightly drained, very quick
A: horns 2, retaliatory headbutt
a: Renounce Religion, Berserk, Trog's Hand


You were in a bailey.
You worshipped Trog.
Trog was most pleased with you.
You visited 1 branch of the dungeon, and saw 7 of its levels.
You also visited: Ossuary and Bailey.

You collected 281 gold pieces.

Inventory:

Hand Weapons
 a - a +0 hand axe
 K - a +0 battleaxe (weapon)
 N - a +0 halberd of electrocution
Missiles
 C - a boomerang (quivered)
 L - 3 poisoned darts
Armour
 v - a +0 plate armour
 z - a +0 pair of boots (worn)
 A - the +1 scale mail "Guhuythru" (worn) {Str+3 Dex+3 SInv}
   (You found it on level 5 of the Dungeon)

   Str:       It affects your strength (+3).
   Dex:       It affects your dexterity (+3).
   SInv:      It lets you see invisible.
 D - a +0 pair of gloves (worn)
Jewellery
 h - a ring of positive energy
 y - a ring of willpower (right hand)
 H - a ring of willpower (left hand)
Wands
 G - a wand of paralysis (10)
 J - a wand of flame (9)
Scrolls
 d - 4 scrolls of identify {unknown}
 e - 4 scrolls of teleportation {unknown}
 f - 3 scrolls of poison {unknown}
 i - 2 scrolls of noise {unknown}
 k - 3 scrolls of enchant armour {unknown}
 l - 3 scrolls of amnesia {unknown}
 m - 4 scrolls of vulnerability {unknown}
 p - a scroll of summoning {unknown}
 q - a scroll of fear {unknown}
 s - 2 scrolls of blinking {unknown}
 w - 4 scrolls of immolation {unknown}
 F - a scroll of torment {unknown}
 I - 3 scrolls of fog {unknown}
 M - 2 scrolls of acquirement {unknown}
Potions
 b - a potion of haste {unknown}
 c - 2 potions of degeneration {unknown}
 g - 5 potions of invisibility {unknown}
 j - a potion of ambrosia {unknown}
 n - 2 potions of lignification {unknown}
 o - 4 potions of curing {unknown}
 r - 3 potions of resistance {unknown}
 t - a potion of might {unknown}
 u - 3 potions of magic {unknown}
 x - 2 potions of heal wounds {unknown}
 B - 2 potions of flight {unknown}
 E - a potion of mutation {unknown}


   Skills:
 + Level 8.4 Fighting
 + Level 8.3 Axes
 + Level 7.9 Armour
 + Level 7.1 Dodging


You had 8 spell levels left.
You didn't know any spells.
Your spell library was empty.

Dungeon Overview and Level Annotations

Branches:
Dungeon (7/15)             Temple (0/1) D:6         Ossuary (visited)
 Bailey (1/1)

Altars:
Elyvilon
Hepliaklqana
Qazlal
Wu Jian
Zin
The Shining One

Shops:
D:1 *   D:5 =:


Innate Abilities, Weirdness & Mutations

You have a pair of horns on your head.
You reflexively headbutt those who attack you in melee.


Message History

No target in view!
There is an open door, spattered with blood here.
You see here a +0 halberd of electrocution.
No target in view!
You open the door.
A gnoll and an orc knight come into view.
The gnoll is wielding a +4 halberd of electrocution.
The orc knight shouts!
You hear a shout!
Found 5 ruby potions, 2 red potions and a glowing puce potion.
Found four items.
The orc knight hits you from afar with a +0 halberd!!
There is an open door, spattered with blood here.
The gnoll hits you with a +4 halberd of electrocution.
The orc knight completely misses you.
You see here a ruby potion.
You hit the orc knight.
The orc knight is lightly wounded.
You slash the gnoll!
The gnoll hits you with a +4 halberd of electrocution.
You are electrocuted!
The orc knight hits you with a +0 halberd!
The gnoll closely misses you. You furiously retaliate!
You headbutt the gnoll!
You kill the gnoll!
Trog accepts your kill.
The orc knight hits you with a +0 halberd.
The gnoll hits you from afar with a +2 halberd of electrocution.
* * * LOW HITPOINT WARNING * * *
A red film seems to cover your vision as you go berserk!
You feel yourself moving faster!
You feel mighty! The orc knight barely misses you.
The gnoll hits you from afar with a +2 halberd of electrocution.
* * * LOW HITPOINT WARNING * * *
You slash the orc knight!
The orc knight is moderately wounded.
The orc knight hits you with a +0 halberd!
* * * LOW HITPOINT WARNING * * *
The gnoll hits you from afar with a +2 halberd of electrocution!
* * * LOW HITPOINT WARNING * * *
You are electrocuted!!
You die...

#)## ##.#†## #)#
##### #.## ##)#g#
##'##+##'###'##+##+
##.....## #!.!.!#
#.....### #.!.!.#
+..⌠..')# +g.⌠.!+
#.....### #o).!.#
#.....## ##@.!.!#
+##+##'###'##+##+
##)).## #####


You could see an orc knight and a gnoll.

Vanquished Creatures
  The ghost of roguelike the Magician, an amateur DECj (D:4)
  A sky beast (D:7)
  2 black bears (D:6)
  An ice beast (D:6)
  2 centaurs
  2 ogres
  A phantom (D:5)
  Blork the orc (D:6)
  An elf zombie (Ossuary)
  2 scorpions
  3 bullfrogs
  A necrophage (D:6)
  2 electric eels (D:6)
  4 centaur zombies (Ossuary)
  4 jellies
  2 hounds
  An orc priest (D:5)
  A gnoll bouda (D:6)
  Jessica (D:2)
  7 human zombies (Ossuary)
  An iguana (D:6)
  Terence (D:2)
  An orc wizard (D:4)
  3 mummies (Ossuary)
  8 gnolls
  11 adders
  A shadow imp (D:5)
  An ufetubus (D:5)
  A worm (D:2)
  5 dart slugs
  10 orcs
  12 endoplasms
  2 giant cockroaches
  11 goblins
  9 hobgoblins
  8 jackals
  3 kobolds
  3 quokkas
  A ball python (D:1)
  4 bats (D:1)
  2 frilled lizards
  6 rats
144 creatures vanquished.

Vanquished Creatures (others)
  5 plants (D:5)
5 creatures vanquished.

Grand Total: 149 creatures vanquished

Notes
Turn   | Place    | Note
-------+----------+-------------------------------------------
     0 | D:1      | LLlMATKO the Minotaur Berserker began the quest for the
                  | Orb.
     0 | D:1      | Reached XP level 1. HP: 19/19 MP: 0/0
    14 | D:1      | Reached XP level 2. HP: 27/27 MP: 1/1
   283 | D:1      | Found Yphaur's General Store.
   317 | D:1      | Found a faded altar of an unknown god.
   569 | D:1      | Reached XP level 3. HP: 31/33 MP: 2/2
   815 | D:1      | Reached ** piety under Trog
  1688 | D:2      | Reached XP level 4. HP: 38/40 MP: 3/3
  1853 | D:2      | Noticed Terence
  1864 | D:2      | Killed Terence
  2310 | D:2      | Noticed Jessica
  2315 | D:2      | Killed Jessica
  2316 | D:2      | Reached XP level 5. HP: 47/47 MP: 4/4
  2977 | D:3      | Found an ornate altar of the Wu Jian Council.
  3103 | D:3      | Found a glowing silver altar of Zin.
  3104 | D:3      | Found a hazy altar of Hepliaklqana.
  3546 | D:4      | Reached skill level 5 in Axes
  3557 | D:4      | Reached skill level 5 in Fighting
  3702 | D:4      | Found a runed translucent door.
  3702 | D:4      | Noticed roguelike's ghost (amateur DECj)
  3810 | D:4      | Reached XP level 6. HP: 47/56 MP: 5/5
  4694 | D:4      | Killed roguelike's ghost
  4695 | D:4      | Reached skill level 5 in Armour
  4695 | D:4      | Reached XP level 7. HP: 62/62 MP: 6/6
  4720 | D:5      | Entered Level 5 of the Dungeon
  4955 | D:5      | Found Deosenki's Jewellery Shoppe.
  5056 | D:5      | Found a white marble altar of Elyvilon.
  5061 | D:5      | Reached skill level 5 in Dodging
  5101 | D:5      | Identified the +1 scale mail "Guhuythru" {Str+3 Dex+3 SInv}
  5165 | D:5      | Found Towouch's Tremendous Tomes.
  5453 | D:5      | Identified the +4 leather armour "Zek Vamo" {rElec SInv}
  5653 | D:5      | Found a glowing golden altar of the Shining One.
  5836 | D:6      | Reached XP level 8. HP: 49/71 MP: 7/7
  6245 | D:6      | Found a staircase to the Ecumenical Temple.
  6426 | D:6      | Reached *** piety under Trog
  6672 | D:6      | Noticed Blork the orc
  7212 | D:6      | Killed Blork the orc
  7715 | D:7      | Found a stormy altar of Qazlal.
  7719 | D:7      | Found a sand-covered staircase.
  7736 | Ossuary  | Entered an ossuary
  7754 | Ossuary  | Reached XP level 9. HP: 45/81 MP: 8/8
  8054 | D:7      | Found a flagged portal.
  8066 | Bailey   | Entered a bailey
  8505 | Bailey   | Noticed an orc knight
  8510 | Bailey   | Mangled by a gnoll

Illustrated notes

Levels and vault maps discovered:
D:1:      minmay_arrival_glassed_features, layout_basic, serial_shops, shop,
          shapermc_ecumenical_altar_notcrosses, chequers_arboretum
D:2:      minmay_evil_eye, layout_basic, grunt_ministairs_13, uniq_jessica,
          uniq_terence
D:3:      cheibrodos_greedy_goblins, layout_basic, nicolae_wu_jian_wuxing_cycle,
          nicolae_overflow_hidden_temple
D:4:      layout_gridville, hellmonk_ghost_happy_afterlife
D:5:      layout_loops_ring, mainiacjoe_overflow_alcove_4,
          nicolae_tso_swordbearing_angel, serial_shops, shop,
          nicolae_shop_i_like_big_books, reono_crystal_passage
D:6:      hellmonk_destroyed_diamonds, layout_basic,
          minmay_temple_entry_slanted, amcnicky_mini_pool_medium,
          uniq_blork_the_orc
D:7:      layout_cave_pools, mainiacjoe_overflow_small_starburst,
          nicolae_ossuary_entry_ruins, enter_bailey_5, uniq_maggie
Bailey:   bailey_polearm_nasty_gnolls, bailey

Skill      XL: |  1  2  3  4  5  6  7  8  9 |
---------------+----------------------------+-----
Axes           | 4 5 6 7 8 |  8.3
Fighting       | 4 5 6 7 8 |  8.4
Armour         | 3 4 5 6 7 |  7.9
Dodging        | 3 4 5 6 7 |  7.1

Action                   |  1- 3 |  4- 6 |  7- 9 || total
-------------------------+-------+-------+-------++-------
Melee: Hand axe          |    82 |   144 |   110 ||   336
       Headbutt          |    10 |    27 |    34 ||    71
       Punch             |       |       |     2 ||     2
       Battleaxe         |       |       |    74 ||    74
Throw: Boomerang         |       |       |     7 ||     7
Invok: Berserk           |       |     4 |     5 ||     9
       Trog's Hand       |       |     1 |       ||     1
  Use: Scroll            |       |       |     1 ||     1
 Stab: Sleeping          |     1 |       |       ||     1
Armor: Animal skin       |    17 |     3 |       ||    20
       Plate armour      |       |    70 |    24 ||    94
       Chain mail        |       |     8 |       ||     8
       Scale mail        |       |       |    88 ||    88
Dodge: Dodged            |    53 |    43 |   174 ||   270
